 Dungeon Crawl Stone Soup version 0.31-a0-202-g547052bce9 (webtiles) character file.

Game seed: 5234035115599414890

112 qw the Skirmisher (level 4, -4/25 HPs)
             Began as a Deep Elf Hunter on June 26, 2023.
             Slain by a gnoll
             ... wielding a +0 halberd
              (7 damage)
             ... on level 3 of the Dungeon.
             The game lasted 00:00:38 (1825 turns).

qw the Skirmisher (Deep Elf Hunter)                 Turns: 1825, Time: 00:00:39

Health: -4/25      AC:  6    Str:  9 (10) XL:     4   Next: 63%
Magic:  6/6        EV: 10    Int: 12 (14) God:
Gold:   61         SH:  0    Dex: 15 (18) Spells: 3/3 levels left

rFire   . . .        Y - +0 shortbow (freeze)
rCold   . . .        (shield currently unavailable)
rNeg    . . .        a - +0 ring mail
rPois   .            (no helmet)
rElec   .            b - +0 cloak
rCorr   .            (no gloves)
SInv    .            (no boots)
Will    .....        (no amulet)
Stlth   +            (no ring)
HPRegen 0.24/turn    (no ring)
MPRegen 0.10/turn

%: no passive effects
@: no status effects
A: no striking features
a: no special abilities


You were on level 3 of the Dungeon.
You visited 1 branch of the dungeon, and saw 3 of its levels.

You collected 61 gold pieces.


   Skills:
 - Level 1.5 Fighting
 + Level 8.1 Ranged Weapons
 - Level 2.4 Dodging
 - Level 1.2 Stealth


You had 3 spell levels left.
You didn't know any spells.
Your spell library was empty.

Inventory:

Hand Weapons
 Y - a +0 shortbow of freezing (weapon)
Armour
 a - a +0 ring mail (worn)
 b - a +0 cloak (worn)
 g - a +0 pair of boots
Scrolls
 f - 2 scrolls of identify
Potions
 c - a potion of attraction {unknown}
 d - a potion of haste
 e - a potion of heal wounds

Dungeon Overview and Level Annotations

Branches:
Dungeon (3/15)

Altars:


Message History

Enter note:
Enter note: A gnoll comes into view. It is wielding a +0 whip.
The gnoll shouts!
A gnoll comes into view. It is wielding a +1 spear of venom.
Enter note:
Enter note:
Enter note:
Enter note: You shoot an arrow.
The arrow closely misses the gnoll.
The gnoll shouts!
The arrow hits the gnoll.
The arrow freezes the gnoll.
The gnoll is severely wounded.
You shoot an arrow. The arrow barely misses the gnoll.
You shoot an arrow.
The arrow hits the gnoll but does no damage.
A gnoll comes into view. It is wielding a +0 halberd.
You shoot an arrow. The gnoll shouts!
The arrow hits the gnoll!
The arrow freezes the gnoll.
You kill the gnoll!
An endoplasm comes into view.
You shoot an arrow. The endoplasm quivers.
The arrow hits the gnoll.
The arrow freezes the gnoll.
The gnoll is almost dead.
The endoplasm jiggles.
The gnoll closely misses you.
You shoot an arrow. The arrow hits the gnoll!
The arrow freezes the gnoll.
You kill the gnoll!
Your Ranged Weapons skill increases to level 8!
You shoot an arrow. The arrow closely misses the gnoll.
You shoot an arrow.
The arrow hits the gnoll but does no damage.
The gnoll hits you from afar with a +0 halberd!
Ouch! That really hurt!
You shoot an arrow.
The arrow hits the gnoll but does no damage.
The gnoll hits you from afar with a +0 halberd! x2
You die...

...........# #..
##.......#
...(.......# ##.
#........ ...........#
.......#. ...........#
### #......#
...........# #..
...........# #.#
...........# #.#
...........###.######.
..............@.......
..............J.......
.##########...g.......
####.#....#. #.#.##.#
..... # ...... .......


You could see a gnoll and an endoplasm.

Vanquished Creatures
  2 gnolls (D:3)
  3 adders (D:2)
  A worm (D:2)
  A dart slug (D:2)
  6 ball pythons
  2 bats (D:1)
  4 endoplasms
  4 giant cockroaches
  4 goblins
  6 hobgoblins
  2 quokkas (D:2)
  6 frilled lizards
  11 kobolds
  6 rats
58 creatures vanquished.

Notes
Turn   | Place    | Note
-------+----------+-------------------------------------------
     0 | D:1      | qw the Deep Elf Hunter began the quest for the Orb.
     0 | D:1      | Reached XP level 1. HP: 12/12 MP: 3/3
     0 | D:1      | 0 ||| qw: Version: 0.3-a-22-g0ed2b0b
     0 | D:1      | 0 ||| qw: Game counter: 6343
     0 | D:1      | 0 ||| qw: Melee chars always use a shield: true
     0 | D:1      | 0 ||| qw: God list: Okawaru
     0 | D:1      | 0 ||| qw: Allow faded altars: false
     0 | D:1      | 0 ||| qw: Do Orc after clearing Dungeon:15 true
     0 | D:1      | 0 ||| qw: Do second Lair branch before Depths: true
     0 | D:1      | 0 ||| qw: Lair rune preference: random
     0 | D:1      | 0 ||| qw: Goals: Normal
     0 | D:1      | 0 ||| PLANNING D:1-11
   260 | D:1      | Reached XP level 2. HP: 16/16 MP: 4/4
   262 | D:1      | Reached skill level 6 in Ranged Weapons
   266 | D:1      | 266 ||| FLEEEEING.
   270 | D:1      | 270 ||| FLEEEEING.
   280 | D:1      | 280 ||| FLEEEEING.
   281 | D:1      | 281 ||| FLEEEEING.
   287 | D:1      | 287 ||| FLEEEEING.
   288 | D:1      | 288 ||| FLEEEEING.
   289 | D:1      | 289 ||| FLEEEEING.
   290 | D:1      | 290 ||| FLEEEEING.
   725 | D:1      | Reached XP level 3. HP: 20/20 MP: 5/5
   832 | D:1      | 832 ||| READING scroll labelled NAHOUN MEULUH.
   833 | D:1      | 833 ||| READING 4 scrolls labelled HUIR SADAO.
   834 | D:1      | 834 ||| READING 3 scrolls of identify.
   834 | D:1      | 834 ||| IDENTIFYING clear potion
   835 | D:1      | 835 ||| DROPPING scroll of butterflies.
   962 | D:2      | Reached skill level 7 in Ranged Weapons
  1153 | D:2      | Reached XP level 4. HP: 25/25 MP: 6/6
  1693 | D:2      | 1693 ||| UPGRADING to +0 ring mail.
  1703 | D:2      | 1703 ||| UPGRADING to +0 cloak.
  1708 | D:2      | 1708 ||| DROPPING +0 leather armour.
  1709 | D:2      | 1709 ||| DRINKING 2 amethyst potions.
  1710 | D:2      | 1710 ||| READING 3 scrolls of identify.
  1710 | D:2      | 1710 ||| IDENTIFYING coppery potion
  1711 | D:2      | 1711 ||| DROPPING potion of degeneration.
  1823 | D:3      | Reached skill level 8 in Ranged Weapons
  1825 | D:3      | HP: 3/25 [gnoll/+0 halberd (8)]
  1825 | D:3      | Slain by a gnoll

Levels and vault maps discovered:
D:1:      heliophobic_arrival_dark_side_of_the_moon, layout_basic,
          lexackson_kobold_supper
D:2:      layout_basic, minmay_misc_feat_x
D:3:      layout_basic

Skill      XL: |  1  2  3  4 |
---------------+-------------+-----
Ranged Weapons | 6 7 8 |  8.1
Fighting       | |  1.5
Dodging        | |  2.4
Stealth        | |  1.2

Action                     |  1- 3 |  4- 6 || total
---------------------------+-------+-------++-------
   Fire: Shortbow          |    96 |    38 ||   134
    Use: Scroll            |     3 |     1 ||     4
         Potion            |       |     1 ||     1
 Armour: Leather armour    |     7 |     3 ||    10
  Dodge: Dodged            |    17 |     5 ||    22

Table legend:
 A = Non-vault XP
 B = Vault XP
 C = Vault XP percentage of total XP
 D = Non-vault monster count
 E = Vault monster count
 F = Vault count percentage of total count
                 A         B        C        D         E       F
            +---------+---------+-------+---------+---------+-------
      Total |     147 |      13 |   8.1 |      50 |       8 |  13.8
            +---------+---------+-------+---------+---------+-------
        D:1 |      29 |      13 |  31.0 |      17 |       8 |  32.0
        D:2 |      86 |       0 |   0.0 |      29 |       0 |   0.0
        D:3 |      32 |       0 |   0.0 |       4 |       0 |   0.0
            +---------+---------+-------+---------+---------+-------
